[Event "Team 45 45 League T29"]
[Site "Internet Chess Club"]
[Date "2006.01.09"]
[Round "3"]
[White "achessman"]
[Black "f5"]
[Result "0-1"]
[WhiteElo "2001"]
[BlackElo "2304"]
[TimeControl "2700+45"]

1. e4 c5 2. b3 Nc6 3. Bb2 d6 4. Bb5 e5 5. Ne2 Nf6 6. Nbc3 Qb6 7. a4 a6 8. Bc4
Nd4 9. O-O Be6 10. Rb1 Be7 11. f4 O-O 12. f5 Bxc4 13. bxc4 Qc6 14. d3 Qd7 15. h3
Bd8 16. g4 Ba5 17. g5 Bxc3 18. Nxc3 Ne8 19. Nd5 Rb8 20. c3 Nc6 21. Kh2 Ne7 22.
Ne3 f6 23. Rg1 fxg5 24. Rxg5 Nf6 25. Bc1 Kh8 26. Bd2 b5 27. axb5 axb5 28. cxb5
Rxb5 29. Rxb5 Qxb5 30. Nc4 Qd7 31. Qa1 Nc6 32. Qa2 Rd8 33. Nb6 Qa7 34. Qxa7 Nxa7
35. c4 Nc6 36. Nd5 Rb8 37. Kg1 Nd4 38. Rg2 Nxd5 39. cxd5 Nf3+ 40. Kf1 Rb1+ 41.
Ke2 Nxd2 {White resigns} 0-1  aics%

[Event "Team 45 45 League T29"]
[Site "Internet Chess Club"]
[Date "2006.01.10"]
[Round "3"]
[White "Squaredance"]
[Black "Gandalf"]
[Result "0-1"]
[WhiteElo "1919"]
[BlackElo "1905"]
[TimeControl "2700+45"]

1. d4 d5 2. Nf3 Nf6 3. e3 Bg4 4. c4 c6 5. cxd5 cxd5 6. Qb3 Qc7 7. Nc3 e6 8. Bb5+
Nc6 9. Ne5 Bd6 10. f4 O-O 11. O-O Bf5 12. Bd3 Bxd3 13. Nxd3 a6 14. Bd2 b5 15.
Rac1 Qb6 16. Na4 Qc7 17. Nac5 Rfc8 18. Ne5 Bxc5 19. Nxc6 Qxc6 20. Rxc5 Qd7 21.
Rfc1 Rxc5 22. Rxc5 Ne4 23. Rc2 Rc8 24. Bb4 Rc4 25. Bc3 Qc6 26. a4 Rxa4 27. Be1
Rc4 28. Re2 Rc1 29. h3 Ng3 30. Qd3 Nxe2+ 31. Qxe2 Qc2 32. Qxc2 Rxc2 33. Bc3 b4
{White resigns} 0-1  aics%

[Event "Team 45 45 League T29"]
[Site "Internet Chess Club"]
[Date "2006.01.08"]
[Round "3"]
[White "rayonline53"]
[Black "tourettes"]
[Result "1/2-1/2"]
[WhiteElo "1603"]
[BlackElo "1831"]
[TimeControl "2700+45"]

1. d4 Nf6 2. c4 e6 3. Nc3 Bb4 4. Qc2 O-O 5. Nf3 b6 6. e3 Ba6 7. Bd3 d5 8. b3 Nc6
9. O-O Na5 10. Nd2 c5 11. Bb2 cxd4 12. exd4 Rc8 13. a3 Bxc3 14. Qxc3 dxc4 15.
bxc4 Nc6 16. Rfe1 Qc7 17. Rac1 Rfd8 18. Nf3 Qf4 19. d5 exd5 20. cxd5 Bxd3 21.
dxc6 Be4 22. Re3 Rxc6 23. Qe1 Rxc1 24. Bxc1 Qd6 25. Nd2 Bc6 26. Rh3 Qd4 27. Qe3
Qd5 28. f3 Qd4 29. Qxd4 Rxd4 30. Kf2 h6 31. Ke3 Rd8 32. Rh4 Nd5+ 33. Kf2 Nc7 34.
Rc4 Rd6 35. Ne4 Re6 36. Bf4 Nb5 37. Rb4 Nxa3 38. Bb8 Nb5 39. Nd2 Re8 40. Bf4 Nc3
41. Rb3 Nd5 42. Bg3 Bb7 43. Nc4 Ba6 44. Ne3 Nxe3 45. Rxe3 Rxe3 46. Kxe3 Bb7 47.
Kd4 f6 48. Bb8 a6 49. Ba7 b5 50. Kc5 Bc8 51. Kb6 b4 52. Kc7 Be6 53. Kb6 b3 54.
Kxa6 h5 55. Bd4 Kf7 56. Kb5 Bd5 57. Kb4 Ke6 58. Kc3 g5 59. Kd3 g4 60. fxg4 hxg4
61. g3 Kf5 62. Ke3 Kg5 63. Kf2 Kg6 64. Ke3 f5 65. Kf4 Be6 66. Be5 Kf7 67. Bb2
Ke7 68. Ke5 Kd7 69. Kf6 Kd6 70. Kg5 Kd5 71. Kf4 Kc4 72. Ke3 Bd5 73. Be5 Be4 74.
Bb2 Bc2 75. Kd2 Kb4 76. Ke3 Kc4 77. Kd2 Kd5 78. Ke3 Bd1 79. Kd3 Bc2+ 80. Ke3 Ke6
81. Kf4 Be4 82. Ke3 Kf7 83. Bc3 Kg6 84. Kf4 Bc2 85. Bb2 {Game drawn by mutual
agreement} 1/2-1/2  aics%

[Event "Team 45 45 League T29"]
[Site "Internet Chess Club"]
[Date "2006.01.10"]
[Round "3"]
[White "MoneyGame"]
[Black "Plattner"]
[Result "1-0"]
[WhiteElo "2323"]
[BlackElo "1910"]
[TimeControl "2700+45"]

1. d4 Nf6 2. c4 e6 3. Nc3 Bb4 4. f3 d5 5. a3 Bxc3+ 6. bxc3 c5 7. cxd5 exd5 8. e3
O-O 9. Bd3 Re8 10. Ne2 Nc6 11. O-O Qc7 12. Ng3 c4 13. Bb1 Na5 14. e4 Nb3 15. Ra2
Nxc1 16. Qxc1 Be6 17. e5 Nd7 18. f4 f6 19. f5 fxe5 20. fxe6 Nf6 21. dxe5 Qb6+
22. Kh1 Ng4 23. Rb2 Qc7 24. Re2 Rxe6 25. Bf5 Rxe5 26. Bxg4 {Black resigns} 1-0 
aics%

[Event "Team 45 45 League T29"]
[Site "Internet Chess Club"]
[Date "2006.01.06"]
[Round "3"]
[White "fileman"]
[Black "gracey"]
[Result "1-0"]
[WhiteElo "1915"]
[BlackElo "2003"]
[TimeControl "2700+45"]

1. e4 b6 2. d4 e6 3. f4 d5 4. e5 Ne7 5. Bd3 c5 6. c3 c4 7. Bc2 Nbc6 8. Ne2 Nf5
9. O-O Be7 10. g4 Nh4 11. Ng3 O-O 12. Nd2 b5 13. Nf3 Nxf3+ 14. Qxf3 Qb6 15. g5
g6 16. Nh5 Bd7 17. Nf6+ Bxf6 18. gxf6 Kh8 19. Qg4 b4 20. Qg5 Rg8 21. Rf3 Qd8 22.
Rh3 Qf8 23. Rh6 b3 24. axb3 cxb3 25. Bd3 Rb8 26. Kf2 Nb4 27. cxb4 Bb5 28. f5
Qxh6 29. Qxh6 Bxd3 30. fxe6 Rb7 31. e7 Bb5 32. e6 {Black resigns} 1-0  aics%

[Event "Team 45 45 League T29"]
[Site "Internet Chess Club"]
[Date "2006.01.06"]
[Round "3"]
[White "nightly"]
[Black "Malcolm"]
[Result "1-0"]
[WhiteElo "1873"]
[BlackElo "1751"]
[TimeControl "2700+45"]

1. d4 d5 2. Bg5 Nf6 3. Bxf6 exf6 4. Nf3 Bd6 5. e3 O-O 6. Bd3 Be6 7. O-O Nd7 8.
Nbd2 c6 9. Re1 f5 10. Nf1 Nf6 11. Ng3 Ne4 12. c4 Nxg3 13. hxg3 dxc4 14. Be2 Bb4
15. Rf1 b5 16. Ne5 Qc7 17. Bf3 Bd5 18. b3 f6 19. bxc4 bxc4 20. Qa4 fxe5 21. Qxb4
Rab8 22. Qc5 Rb5 23. Bxd5+ Kh8 24. Qxc6 Qa5 25. Bxc4 Rb6 26. Qc5 Qa4 27. Qxf8#
{Black checkmated} 1-0  aics%

[Event "Team 45 45 League T29"]
[Site "Internet Chess Club"]
[Date "2006.01.08"]
[Round "3"]
[White "BillyNoMates"]
[Black "mike0897"]
[Result "0-1"]
[WhiteElo "1865"]
[BlackElo "1807"]
[TimeControl "2700+45"]

1. e4 c5 2. Nf3 d6 3. d4 cxd4 4. Nxd4 Nf6 5. Nc3 a6 6. Be2 e5 7. Nb3 Be6 8. Bg5
Nbd7 9. O-O Be7 10. f4 h6 11. Bxf6 Nxf6 12. f5 Bd7 13. Bc4 Bc6 14. Qe2 b5 15.
Bd5 Qb6+ 16. Kh1 b4 17. Na4 Qc7 18. Qc4 Rc8 19. Bxc6+ Qxc6 20. Qxc6+ Rxc6 21.
Rfe1 Rxc2 22. Rad1 O-O 23. Na5 Ng4 24. Kg1 Bg5 25. Rd3 Rfc8 26. Nb3 Rf2 27. Na1
Re2 28. Rdd1 Rxe1+ 29. Rxe1 Rc4 30. Nb6 Be3+ 31. Kf1 Bxb6 32. Nb3 Ne3+ 33. Ke2
Rxe4 34. Kd3 d5 35. Nd2 Rd4+ 36. Ke2 Nxg2 37. Rc1 Nf4+ 38. Kd1 e4 39. Rc8+ Kh7
40. Kc2 e3 41. Nf3 e2 42. Rc6 Rd3 43. Ne1 Rd1 44. Rxb6 Rxe1 {White resigns} 0-1 
aics%

[Event "Team 45 45 League T29"]
[Site "Internet Chess Club"]
[Date "2006.01.07"]
[Round "3"]
[White "NotSoGreat"]
[Black "searchforbobby1"]
[Result "1/2-1/2"]
[WhiteElo "2154"]
[BlackElo "2163"]
[TimeControl "2700+45"]

1. e4 c5 2. Nc3 e6 3. f4 d5 4. Nf3 d4 5. Ne2 Nf6 6. d3 Nc6 7. h3 h5 8. g3 b6 9.
Bg2 Bb7 10. Bd2 Qd7 11. O-O O-O-O 12. Qe1 Kb8 13. Qf2 Rc8 14. Ne5 Qc7 15. Nxc6+
Qxc6 16. b3 Be7 17. a4 a5 18. Rae1 {Game drawn by mutual agreement} 1/2-1/2 
aics%

[Event "Team 45 45 League T29"]
[Site "Internet Chess Club"]
[Date "2006.01.10"]
[Round "3"]
[White "Burning-Bush"]
[Black "billarvola"]
[Result "1/2-1/2"]
[WhiteElo "2082"]
[BlackElo "2038"]
[TimeControl "2700+45"]

1. d4 Nf6 2. c4 d6 3. Nc3 Nbd7 4. g3 e5 5. d5 a5 6. Bg2 Be7 7. e4 O-O 8. Nge2
Nc5 9. h3 Ne8 10. Be3 g6 11. O-O Ng7 12. Kh2 f5 13. f4 exf4 14. Nxf4 fxe4 15.
Nxe4 Nxe4 16. Bxe4 Nf5 17. Bg1 Bf6 18. Qd2 Be5 19. Bxf5 Bxf5 20. Bd4 Bxd4 21.
Qxd4 Qf6 22. Qd2 Qg7 23. Rae1 b6 24. Re3 Rae8 25. Rfe1 Rxe3 26. Rxe3 h5 27. Ng2
Qd7 28. Nh4 g5 29. Nf3 g4 30. Nh4 gxh3 31. Rf3 Bg4 32. Qg5+ Qg7 33. Rxf8+ Kxf8
34. Qd8+ Kf7 35. Qxc7+ Kg8 36. Qxb6 Qe5 37. Qb8+ Kg7 38. Qa7+ Kg8 39. Qf2 Qe4
40. b3 a4 41. Qd2 axb3 42. axb3 Kh7 43. Qf2 Kg7 44. Qb2+ Kg8 45. Qd2 Kh7 46. Qf2
Kg7 47. Qd2 Kh7 {Game drawn by repetition} 1/2-1/2  aics%

[Event "Team 45 45 League T29"]
[Site "Internet Chess Club"]
[Date "2006.01.09"]
[Round "3"]
[White "nminwalla"]
[Black "viking99"]
[Result "1-0"]
[WhiteElo "1984"]
[BlackElo "1841"]
[TimeControl "2700+45"]

1. e4 e6 2. d4 d5 3. Nd2 Nf6 4. e5 Nfd7 5. f4 c5 6. c3 Nc6 7. Ndf3 Qb6 8. a3 Be7
9. Ne2 f6 10. exf6 Bxf6 11. g4 cxd4 12. cxd4 O-O 13. g5 Be7 14. Ng3 Bd6 15. Ne2
Na5 16. Bh3 Be7 17. O-O Nc4 18. b4 Nb8 19. Ng3 Nc6 20. Re1 Nd8 21. Kh1 Bd6 22.
Nh5 Qc7 23. Ne5 Bxe5 24. dxe5 Bd7 25. Be3 Nxe3 26. Rxe3 Rc8 27. f5 exf5 28. Nf4
Ne6 29. Nxd5 Bc6 30. Bg2 Qf7 31. h4 Rcd8 32. Ra2 Nxg5 33. Rd2 Ne4 34. Bxe4 fxe4
35. Nf6+ gxf6 36. Rxd8 f5 37. e6 Qe7 38. Rg3+ Kh8 39. Qd4+ {Black resigns} 1-0 
aics%  Jeeves(* C)(71): alcon-negro es nuevo en ICC!  Por favor, digale "Hola"
:) aics%